 Dungeon Crawl Stone Soup version 0.30.1-4-g462c640d31 (webtiles) character file.

Game seed: 9656294126434691049

122 Kraken2834 the Sneak (level 4, -1/21 HPs)
             Began as a Spriggan Enchanter on Sept 1, 2023.
             Killed by divine providence
             ... invoked by an orc priest
              (13 damage)
             ... on level 4 of the Dungeon.
             The game lasted 00:17:14 (2436 turns).

Kraken2834 the Sneak (Spriggan Enchanter)           Turns: 2436, Time: 00:17:14

Health: -1/21      AC:  2    Str:  4    XL:     4   Next: 78%
Magic:  5/10       EV: 18    Int: 16    God:
Gold:   104        SH:  0    Dex: 17    Spells: 8/10 levels left

rFire   . . .        n - +3 dagger
rCold   . . .        (no shield)
rNeg    . . .        b - +0 robe
rPois   .            (helmet restricted)
rElec   .            (no cloak)
rCorr   .            (gloves unavailable)
SInv    +            (boots unavailable)
Will    .....        (no amulet)
Stlth   +++          (no ring)
HPRegen 0.23/turn    (no ring)
MPRegen 0.12/turn

%: no passive effects
@: very slightly contaminated, very quick
A: very small, no large weapons, unfitting armour, see invisible, speed 3
a: no special abilities


You were on level 4 of the Dungeon.
You visited 1 branch of the dungeon, and saw 4 of its levels.

You collected 160 gold pieces.
You spent 56 gold pieces at shops.

Inventory:

Hand Weapons
 a - a +1 dagger
 n - a +3 dagger (weapon)
Armour
 b - a +0 robe (worn)
Jewellery
 k - a ring of resist corrosion
Scrolls
 e - 3 scrolls of teleportation {unknown}
 g - a scroll of silence {unknown}
 i - a scroll of fog {unknown}
 j - 2 scrolls of brand weapon {unknown}
 l - 2 scrolls of vulnerability {unknown}
 m - a scroll of noise {unknown}
 s - a scroll of enchant weapon {unknown}
Potions
 c - 2 potions of invisibility
 d - 2 potions of brilliance
 f - a potion of magic
 h - 2 potions of haste
 o - a potion of curing {unknown}
 p - a potion of heal wounds {unknown}
 q - a potion of mutation {unknown}
 r - a potion of flight


   Skills:
 * Level 3.0 Short Blades
 * Level 3.6 Dodging
 + Level 5.3 Stealth
 * Level 3.6 Spellcasting
 + Level 4.2 Hexes
 - Level 0.1 Ice Magic


You had 8 spell levels left.
You knew the following spells:

 Your Spells              Type           Power      Damage    Failure   Level
a - Ensorcelled Hibernat  Hex/Ice        18%        N/A       11%         2

Your spell library contained the following spells:

 Spells                   Type           Power      Damage    Failure   Level
 Confusing Touch          Hex            16%        N/A       10%         3
 Tukima's Dance           Hex            16%        N/A       10%         3
 Summon Small Mammal      Summ           8%         N/A       19%         1
 Dazzling Flash           Conj/Hex       18%        N/A       22%         3
 Summon Guardian Golem    Hex/Summ       9%         N/A       22%         3
 Passwall                 Tmut/Erth      1%         N/A       26%         2
 Scorch                   Fire           4%         2d5       26%         2
 Call Canine Familiar     Summ           2%         N/A       47%         3
 Swiftness                Air            2%         N/A       47%         3
 Flame Wave               Conj/Fire      2%         2d4       87%         4
 Summon Cactus Giant      Summ           1%         N/A       100%        6


Dungeon Overview and Level Annotations

Branches:
Dungeon (4/15)
 Temple: D:4-7

Altars:

Shops:
D:2 ?


Innate Abilities, Weirdness & Mutations

You are very small and have problems with some larger weapons.
You are too small for most types of armour.
You have supernaturally acute eyesight. (SInv)
You cover ground extremely quickly. (Speed+++)


Message History

You barely miss the orc wizard.
The orc wizard is lightly wounded.
The orc wizard hits you with a +0 dagger.
The orc priest casts a cantrip, but nothing happens.
There is an open door here.
Okay, then.
You close the door.
An orc wizard opens the door.
Casting: Ensorcelled Hibernation (safe; 11% risk of failure)
Confirm with . or Enter, or press ? or * to list all spells.
Aiming: Ensorcelled Hibernation (safe; 11% risk of failure)
Press: ? - help, Shift-Dir - straight line, f - orc wizard, p - orc
Aim: an orc wizard, wielding a +0 dagger and wearing a +0 robe (lightly wounded, chance to affect: 43%)
You miscast Ensorcelled Hibernation.
You are very lightly contaminated with residual magic.
Nothing appears to happen.
Casting: Ensorcelled Hibernation (safe; 11% risk of failure)
Confirm with . or Enter, or press ? or * to list all spells.
Aiming: Ensorcelled Hibernation (safe; 11% risk of failure)
Press: ? - help, Shift-Dir - straight line, f - orc, p - orc wizard
Aim: an orc, wielding a +0 club (chance to affect: 61%)
The orc looks drowsy...
You hit the orc wizard but do no damage.
The orc wizard is lightly wounded.
The orc wizard barely misses you.
You barely miss the orc wizard.
The orc wizard is lightly wounded.
The orc wizard barely misses you.
You hit the orc wizard but do no damage.
The orc wizard is lightly wounded.
You hit the orc but do no damage.
The orc shouts!
You hit the orc but do no damage. The orc hits you with a +0 hand axe.
The orc priest mumbles some strange prayers to Beogh against you.
Beogh smites you!
Ouch! That really hurt!
You die...

#<# #.#
#.# #.#
#.# #.#
#.# #.#
#@#
#######o##
......oo.#
#####..o.#
#..).#
#....#
.......
###....##
#....#


You could see an orc priest, an orc wizard and 2 orcs.

Vanquished Creatures
  A scorpion (D:3)
  An adder (D:2)
  A dart slug (D:2)
  An orc (D:3)
  4 bats
  4 endoplasms
  A giant cockroach (D:2)
  7 goblins
  10 hobgoblins
  A jackal (D:3)
  3 quokkas
  7 ball pythons
  2 frilled lizards
  3 kobolds (D:2)
  3 rats (D:2)
49 creatures vanquished.

Notes
Turn   | Place    | Note
-------+----------+-------------------------------------------
     0 | D:1      | Kraken2834 the Spriggan Enchanter began the quest for the
                  | Orb.
     0 | D:1      | Reached XP level 1. HP: 9/9 MP: 5/5
   339 | D:1      | Reached XP level 2. HP: 13/13 MP: 6/6
   851 | D:2      | Learned a level 2 spell: Ensorcelled Hibernation
   907 | D:2      | Found a faded altar of an unknown god.
   980 | D:2      | Found Ocky's Magic Scroll Shop.
   990 | D:2      | Bought a scroll of identify for 28 gold pieces
   990 | D:2      | Bought a scroll of identify for 28 gold pieces
  1141 | D:2      | Reached XP level 3. HP: 16/16 MP: 8/8
  1798 | D:3      | Reached skill level 5 in Stealth
  1956 | D:3      | Noticed a scorpion
  1969 | D:3      | Killed a scorpion
  1970 | D:3      | Reached XP level 4. HP: 18/21 MP: 6/10
  2436 | D:4      | Killed from afar by an orc priest

Illustrated notes

Levels and vault maps discovered:
D:1:      dpeg_arrival_arbitrary_a, layout_basic, feat_on_display
D:2:      layout_rooms, serial_shops, shop, serial_forest,
          infiniplex_forest_zigzag_1, infiniplex_forest_clump_tiny,
          infiniplex_forest_end_1, infiniplex_forest_end_2,
          infiniplex_forest_lined_3_way, infiniplex_forest_clump_double,
          infiniplex_forest_fountain, infiniplex_forest_end_2,
          ebering_ecumenical_altar_mist, minmay_misc_feat_encased, minivault_26,
          grunt_ministairs_4
D:3:      layout_loops_ring, grunt_decor_fettered, minmay_surrounded
D:4:      layout_basic, nicolae_hexahallways, uniq_sigmund

Skill      XL: |  1  2  3  4 |
---------------+-------------+-----
Dodging        | 3 |  3.6
Hexes          | 4 |  4.2
Spellcasting   | 3 |  3.6
Short Blades   | 2 3 |  3.0
Stealth        | 5 |  5.3
Ice Magic      | |  0.1

Action                     |  1- 3 |  4- 6 || total
---------------------------+-------+-------++-------
  Melee: Dagger            |   116 |    11 ||   127
         Punch             |     2 |       ||     2
   Cast: Ensorcelled Hiber |    14 |     2 ||    16
    Use: Scroll            |     4 |     1 ||     5
   Stab: Sleeping          |    15 |     2 ||    17
 Armour: Robe              |    11 |       ||    11
  Dodge: Dodged            |    55 |     3 ||    58
